 Dungeon Crawl Stone Soup version 0.26-a0-540-g8a0c9464d7 (webtiles) character file.

Game seed: 3088367985463314289

89 pk666 the Magician (level 4, -10/24 HPs)
             Began as a Deep Elf Hedge Wizard on Aug 15, 2020.
             Mangled by a gnoll
             ... wielding a +0 halberd
              (13 damage)
             ... on level 2 of the Dungeon.
             The game lasted 00:03:07 (2082 turns).

pk666 the Magician (Deep Elf Hedge Wizard)          Turns: 2082, Time: 00:03:08

Health: -10/24     AC:  5    Str:  7    XL:     4   Next: 31%
Magic:  5/13       EV: 13    Int: 20    God:
Gold:   62         SH:  0    Dex: 14    Spells: 2/13 levels left

rFire    . . .     SeeInvis .   a - +0 dagger
rCold    . . .     Faith    .   (no shield)
rNeg     . . .     Spirit   .   b - +0 robe
rPois    .         Reflect  .   c - +0 hat
rElec    .         Harm     .   p - +2 cloak
rCorr    .                      (no gloves)
MR       .....                  (no boots)
Stlth    +++.......             (no amulet)
HPRegen  0.08/turn              k - ring of flight
MPRegen  0.13/turn              l - ring of stealth

@: no status effects
A: no striking features
a: Evoke Flight


You were on level 2 of the Dungeon.
You visited 1 branch of the dungeon, and saw 2 of its levels.

You collected 62 gold pieces.

Inventory:

Hand Weapons
 a - a +0 dagger (weapon)
Armour
 b - a +0 robe (worn)
 c - a +0 hat (worn)
 p - a +2 cloak (worn)
Jewellery
 k - a ring of flight (left hand)
 l - a ring of stealth (right hand)
Scrolls
 e - a scroll of enchant armour {unknown}
 f - 4 scrolls of identify {unknown}
 g - a scroll of immolation {unknown}
 m - a scroll of remove curse {unknown}
 o - a scroll of enchant weapon {unknown}
Potions
 d - a potion of cancellation {unknown}
 h - a potion of lignification {unknown}
 i - a potion of curing {unknown}
 j - a potion of heal wounds {unknown}
 n - a potion of invisibility {unknown}


   Skills:
 - Level 2.4 Dodging
 - Level 2.4 Stealth
 + Level 5.3 Spellcasting
 + Level 2.5 Conjurations
 + Level 1.4 Summonings
 + Level 1.8 Translocations
 + Level 0.7 Fire Magic
 + Level 0.8 Air Magic
 + Level 1.1 Poison Magic


You had 2 spell levels left.
You knew the following spells:

 Your Spells              Type           Power        Failure   Level
a - Magic Dart            Conj           ###.         4%          1
b - Blink                 Tloc           N/A          8%          2
c - Conjure Flame         Conj/Fire      ##......     17%         3
d - Mephitic Cloud        Conj/Pois/Air  ##......     19%         3
e - Call Imp              Summ           ##......     10%         2

Your spell library contained the following spells:

 Spells                   Type           Power        Failure   Level
 Slow                     Hex            #.......     17%         2


Dungeon Overview and Level Annotations

Branches:
Dungeon (2/15)

Altars:
Ashenzari


Message History

The gnoll is almost dead.
Casting: Magic Dart (safe; 4% risk of failure)
Confirm with . or Enter, or press ? or * to list all spells.
Aiming: Magic Dart (safe; 4% risk of failure)
Press: ? - help, Shift-Dir - straight line, f/p - gnoll
Aim: a gnoll, wielding a +0 halberd (almost dead)
The magic dart hits the gnoll but does no damage.
The gnoll is almost dead.
The gnoll hits you from afar with a +0 halberd!
* * * LOW HITPOINT WARNING * * *
Casting: Magic Dart (safe; 4% risk of failure)
Confirm with . or Enter, or press ? or * to list all spells.
Aiming: Magic Dart (safe; 4% risk of failure)
Press: ? - help, Shift-Dir - straight line, f/p - gnoll
Aim: a gnoll, wielding a +0 halberd (almost dead)
The magic dart hits the gnoll.
The gnoll is almost dead.
The gnoll hits you from afar with a +0 halberd!
Ouch! That really hurt!
You die...

......###............
..................... .
.................... ..
.............#.....# ...
##....#.....##..)..##....
............##...........
............#............
....................>....
........(.....g.@.........#
.....................#....#
.##..................#...^###
.##...........#......#......#
.###..........#......#......#
.##..............#####......#
.##..........†...## #......#
..................####......#
..................#.........#


You could see a gnoll.

Vanquished Creatures
  A gnoll (D:2)
  2 adders (D:2)
  2 oozes
  A dart slug (D:2)
  A leopard gecko (D:1)
  3 giant cockroaches (D:1)
  9 goblins
  3 hobgoblins
  3 jackals (D:1)
  A quokka (D:2)
  4 bats
  7 frilled lizards
  6 kobolds
  7 rats
50 creatures vanquished.

Notes
Turn   | Place    | Note
-------+----------+-------------------------------------------
     0 | D:1      | pk666 the Deep Elf Hedge Wizard began the quest for the
                  | Orb.
     0 | D:1      | Reached XP level 1. HP: 10/10 MP: 7/7
   232 | D:1      | Found a shattered altar of Ashenzari.
   274 | D:1      | Reached XP level 2. HP: 15/15 MP: 6/9
   279 | D:1      | Learned a level 2 spell: Blink
   596 | D:1      | Reached skill level 5 in Spellcasting
   844 | D:1      | Reached XP level 3. HP: 19/19 MP: 7/11
   849 | D:1      | Learned a level 3 spell: Conjure Flame
   853 | D:1      | Learned a level 3 spell: Mephitic Cloud
   856 | D:1      | Learned a level 2 spell: Call Imp
  1604 | D:2      | Reached XP level 4. HP: 14/24 MP: 1/13
  1744 | D:2      | Reached skill level 1 in Poison Magic
  2082 | D:2      | Mangled by a gnoll

Illustrated notes

Levels and vault maps discovered:
D:1:      dpeg_arrival_simpleton_c, layout_loops_ring,
          nicolae_ashenzari_panopticon
D:2:      cheibrodos_helix_gallery, layout_basic,
          gammafunk_temple_overflow_wave, minmay_tetromino_l2

Skill      XL: |  1  2  3  4 |
---------------+-------------+-----
Conjurations   | 2 |  2.5
Spellcasting   | 5 |  5.3
Poison Magic   | 1 |  1.1
Dodging        | |  2.4
Stealth        | |  2.4
Summonings     | |  1.4
Translocations | |  1.8
Fire Magic     | |  0.7
Air Magic      | |  0.8

Action                   |  1- 3 |  4- 6 || total
-------------------------+-------+-------++-------
Melee: Dagger            |     9 |       ||     9
 Cast: Magic Dart        |    98 |    31 ||   129
Armor: Robe              |     4 |       ||     4
Dodge: Dodged            |    22 |     4 ||    26

Table legend: (Time is in decaauts)
 A = Elapsed time spent in this place.
 B = Non-inter-level travel time spent in this place.
 C = Inter-level travel time spent in this place.
 D = Time resting spent in this place.
 E = Time spent auto-exploring this place.
 F = Levels seen in this place.
 G = Mean time per level.
                   A        B        C        D        E       F      G
               +--------+--------+--------+--------+--------+-----+--------+
         Total |   2081 |   2011 |     70 |    368 |   1341 |   2 | 1040.5 |
       Dungeon |   2081 |   2011 |     70 |    368 |   1341 |   2 | 1040.5 |
               +--------+--------+--------+--------+--------+-----+--------+

Top non-repeatable levels by time:
     D:1: 1437 daAuts
     D:2: 644 daAuts
